 Dungeon Crawl Stone Soup version 0.29-a0-398-ge13fd1374b (webtiles) character file.

Game seed: 13155885384693115594

72 siradein the Chiller (level 4, -1/30 HPs)
             Began as a Demonspawn Ice Elementalist on May 12, 2022.
             Succumbed to Sigmund's poison
             ... on level 3 of the Dungeon.
             The game lasted 00:09:21 (2788 turns).

siradein the Chiller (Demonspawn Ice Elementalist)  Turns: 2788, Time: 00:09:21

Health: -1/30      AC: 10    Str: 14    XL:     4   Next: 7%
Magic:  3/17       EV: 12    Int: 18    God:
Gold:   190        SH:  0    Dex: 14    Spells: 2/9 levels left

rFire   . . .      SeeInvis .   d - +0 dagger
rCold   . . .      Faith    .   (no shield)
rNeg    . . .      Spirit   .   a - +0 robe
rPois   .          Reflect  .   p - +1 helmet "Okhurunt" {Contam Rampage rElec Str+6}
rElec   +          Harm     .   k - scarf {repulsion}
rCorr   .          Rampage  +   (no gloves)
Will    .....                   (no boots)
Stlth   +.........              (no amulet)
HPRegen 0.10/turn               g - ring of magical power
MPRegen 0.15/turn               (no ring)

@: confused, lethally poisoned (-1 -> -13), ice-armoured, freezing walls,
attractive, repel missiles
A: hooves 1, large bone plates 1
a: no special abilities


You were on level 3 of the Dungeon.
You visited 1 branch of the dungeon, and saw 4 of its levels.

You collected 190 gold pieces.

Inventory:

Hand Weapons
 d - a +0 dagger (weapon)
Armour
 a - a +0 robe (worn)
 k - a scarf of repulsion (worn)
 p - the +1 helmet "Okhurunt" (worn) {Contam Rampage rElec Str+6}
   (You found it on level 3 of the Dungeon)

   Str:       It affects your strength (+6).
   rElec:     It insulates you from electricity.
   Contam:    It causes magical contamination when unequipped.
   Rampage:   It bestows one free step when moving towards enemies.
Jewellery
 g - a ring of magical power (left hand)
Scrolls
 c - 2 scrolls of identify {unknown}
 f - a scroll of vulnerability {unknown}
 m - a scroll of torment {unknown}
Potions
 b - a potion of magic
 e - a potion of cancellation {unknown}
 i - a potion of resistance {unknown}
 j - a potion of attraction
 l - a potion of haste {unknown}
 n - a potion of curing {unknown}
 o - 2 potions of might {unknown}


   Skills:
 - Level 1.7 Dodging
 - Level 1.7 Stealth
 + Level 3.2 Spellcasting
 + Level 4.4 Ice Magic


You had 2 spell levels left.
You knew the following spells:

 Your Spells              Type           Power      Damage    Failure   Level
a - Freeze                Ice            72%        1d9       2%          1
b - Frozen Ramparts       Ice            36%        1d5       8%          3
c - Ozocubu's Armour      Ice            18%        N/A       8%          3

Your spell library contained the following spells:

 Spells                   Type           Power      Damage    Failure   Level
 Tukima's Dance           Hex            2%         N/A       43%         3
 Hailstorm                Conj/Ice       10%        3d5       54%         4
 Passage of Golubria      Tloc           2%         N/A       85%         4
 Yara's Violent Unravell  Hex/Tmut       1%         3d3       99%         5


Dungeon Overview and Level Annotations

Branches:
Dungeon (4/15)
 Temple: D:4-7

Altars:

Shops:
D:2 (

Annotations:
D:3 Sigmund


Innate Abilities, Weirdness & Mutations

You have large cloven feet.
You are partially covered in large bone plates. (SH +4)


Message History

You kill the orc!
The wall freezes something.
Something hits you.
You are poisoned.
Unknown command.
The frozen ramparts melt away.
You feel very sick.
The goblin shoots a sling bullet.
The sling bullet closely misses you.
Casting: Freeze (safe; 2% risk of failure)
Confirm with . or Enter, or press ? or * to list all spells.
The spell is quite dangerous to miscast (8% risk of failure)!
Continue anyway?
Casting: Frozen Ramparts (quite dangerous; 8% risk of failure)
Press: ? - help, Dir - look around, f - activate The walls around you are covered in ice.
You feel very sick.
The wall freezes something.
You hear some strange, mumbled words.
You are confused.
You hear a shout!
Your magical contamination has completely faded away.
You feel sick.
The wall freezes the goblin.
The goblin shoots a sling bullet.
The sling bullet barely misses you.
The wall freezes something.
Something hits you but does no damage.
You are more poisoned.
You feel very sick.
The wall freezes the goblin.
The goblin shoots a sling bullet.
The sling bullet misses you.
The wall freezes something.
You hear some strange, mumbled words.
You are more confused.
You feel sick.
The wall freezes the goblin.
You kill the goblin!
The wall freezes something.
Something hits you but does no damage.
You are lethally poisoned!
* * * LOW HITPOINT WARNING * * *
You feel very sick.
* * * LOW HITPOINT WARNING * * *
You feel very sick.
The wall freezes something.
Something hits you but does no damage.
It was a potion of attraction.
You feel attractive to monsters.
You die...

#.......#
#.......##
#........#
#......#.##
#......#..#
.#
#......##.#
.#
######.##.##
.# ## #..# .#
## #.#@#
.###...
###)##.......
#){#.......
##...o.@...
#.........
#.........
#..>[.....
#.........
##......<.


There were no monsters in sight!

Vanquished Creatures
  A dart slug (D:2)
  4 orcs (D:3)
  6 bats
  2 endoplasms
  A giant cockroach (D:3)
  6 goblins
  8 hobgoblins
  5 jackals
  7 kobolds
  A quokka (D:3)
  10 ball pythons
  3 frilled lizards
  5 rats
59 creatures vanquished.

Notes
Turn   | Place    | Note
-------+----------+-------------------------------------------
     0 | D:1      | siradein the Demonspawn Ice Elementalist began the quest
                  | for the Orb.
     0 | D:1      | Reached XP level 1. HP: 13/13 MP: 3/3
   326 | D:1      | Gained mutation: You are partially covered in large bone
                  | plates. (SH +4) [demonic ancestry]
   326 | D:1      | Reached XP level 2. HP: 19/19 MP: 3/5
   741 | D:1      | Reached skill level 4 in Ice Magic
  1244 | D:1      | Gained mutation: You have large cloven feet. [demonic
                  | ancestry]
  1244 | D:1      | Reached XP level 3. HP: 24/24 MP: 5/7
  1248 | D:1      | Learned a level 3 spell: Frozen Ramparts
  1252 | D:1      | Learned a level 3 spell: Ozocubu's Armour
  1347 | D:1      | Found a faded altar of an unknown god.
  1915 | D:2      | You fall into a shaft and drop 2 floors!
  2376 | D:2      | Found Ohamme's Weapon Boutique.
  2637 | D:3      | Identified the +1 helmet "Okhurunt" {Contam Rampage rElec
                  | Str+6}
  2770 | D:3      | Noticed Sigmund
  2780 | D:3      | Reached XP level 4. HP: 28/30 MP: 5/8
  2788 | D:3      | Succumbed to Sigmund's poison

Illustrated notes

Levels and vault maps discovered:
D:1:      dpeg_arrival_signposts, layout_basic, ebering_ecumenical_altar_hall,
          lemuel_old_faithful
D:2:      layout_basic, serial_shops, nicolae_shop_advertising_works
          [nicolae_subvault_shop_adworks], minmay_misc_feat_more_columns,
          amethyst_killhole, corner_web_ring, columned_hall_lemuel
D:3:      layout_basic, serial_shops, nicolae_shop_waterfront, goddamned_bats,
          uniq_sigmund
D:4:      layout_rooms, hangedman_abyss_or_decor_stagger

Skill      XL: |  1  2  3 |
---------------+----------+-----
Ice Magic      | 4 |  4.4
Spellcasting   | 3 |  3.2
Dodging        | |  1.7
Stealth        | |  1.7

Action                   |  1- 3 |  4- 6 || total
-------------------------+-------+-------++-------
Melee: Dagger            |    18 |       ||    18
 Cast: Freeze            |    66 |     1 ||    67
       Frozen Ramparts   |     1 |     1 ||     2
       Ozocubu's Armour  |     1 |       ||     1
  Use: Potion            |       |     1 ||     1
Armor: Robe              |     9 |     3 ||    12
Dodge: Dodged            |    44 |     3 ||    47
Block: Other             |    23 |       ||    23

Table legend: (Time is in decaauts)
 A = Elapsed time spent in this place.
 B = Non-inter-level travel time spent in this place.
 C = Inter-level travel time spent in this place.
 D = Time resting spent in this place.
 E = Time spent auto-exploring this place.
 F = Levels seen in this place.
 G = Mean time per level.
                   A        B        C        D        E       F      G
               +--------+--------+--------+--------+--------+-----+--------+
         Total |   2787 |   2727 |     60 |    120 |   2184 |   4 |  696.8 |
       Dungeon |   2787 |   2727 |     60 |    120 |   2184 |   4 |  696.8 |
               +--------+--------+--------+--------+--------+-----+--------+

Top non-repeatable levels by time:
     D:1: 1571 daAuts
     D:2: 837 daAuts
     D:3: 281 daAuts
     D:4: 96 daAuts
